 Dungeon Crawl Stone Soup version 0.28.0 (webtiles) character file.

Game seed: 1783158949831123007

11 tilp the Jinx (level 2, 0/20 HPs)
             Began as a Gnoll Wanderer on Feb 14, 2022.
             Slain by a jackal (3 damage)
             ... on level 1 of the Dungeon.
             The game lasted 00:01:02 (238 turns).

tilp the Jinx (Gnoll Wanderer)                       Turns: 238, Time: 00:01:03

Health: 0/20       AC:  3    Str: 14    XL:     2   Next: 29%
Magic:  5/5        EV: 11    Int: 11    God:
Gold:   11         SH:  0    Dex:  8    Spells: 5/6 levels left

rFire   . . .      SeeInvis .   a - +0 hand crossbow
rCold   . . .      Faith    .   (no shield)
rNeg    . . .      Spirit   .   d - +0 leather armour
rPois   .          Reflect  .   (no helmet)
rElec   .          Harm     .   (no cloak)
rCorr   .          Rampage  .   (no gloves)
Will    .....                   (no boots)
Stlth   +.........              (no amulet)
HPRegen 0.06/turn               (no ring)
MPRegen 0.09/turn               (no ring)

@: no status effects
A: fangs 1, strong nose, distributed training
a: no special abilities


You were on level 1 of the Dungeon.
You visited 1 branch of the dungeon, and saw 1 of its levels.

You collected 11 gold pieces.

Inventory:

Hand Weapons
 a - a +0 hand crossbow (weapon)
 b - a +0 dagger
Missiles
 e - 14 arrows
 f - 17 bolts (quivered ammo)
 g - 2 stones
Armour
 d - a +0 leather armour (worn)
Wands
 c - a wand of polymorph (5)
Potions
 h - a potion of haste {unknown}


   Skills:
 + Level 0.3 Fighting
 + Level 0.3 Short Blades
 + Level 0.3 Long Blades
 + Level 0.3 Axes
 + Level 0.3 Maces & Flails
 + Level 0.3 Polearms
 + Level 0.3 Staves
 + Level 0.3 Slings
 + Level 0.3 Bows
 + Level 2.4 Crossbows
 + Level 0.3 Throwing
 + Level 0.3 Armour
 + Level 0.3 Dodging
 + Level 2.2 Stealth
 + Level 0.3 Shields
 + Level 0.3 Unarmed Combat
 + Level 2.7 Spellcasting
 + Level 0.2 Conjurations
 + Level 8.7 Hexes
 + Level 0.2 Summonings
 + Level 0.2 Necromancy
 + Level 0.2 Translocations
 + Level 0.2 Transmutations
 + Level 0.2 Fire Magic
 + Level 0.2 Ice Magic
 + Level 0.2 Air Magic
 + Level 0.2 Earth Magic
 + Level 0.2 Poison Magic
 + Level 0.4 Invocations
 + Level 4.4 Evocations


You had 5 spell levels left.
You knew the following spells:

 Your Spells              Type           Power      Damage    Failure   Level
a - Slow                  Hex            80%        N/A       1%          1

Your spell library contained the following spells:

 Spells                   Type           Power      Damage    Failure   Level
 Inner Flame              Hex/Fire       11%        N/A       17%         3
 Magic Dart               Conj           8%         1d3       32%         1
 Call Imp                 Summ           2%         N/A       43%         2
 Leda's Liquefaction      Hex/Erth       5%         N/A       50%         4
 Mephitic Cloud           Conj/Pois/Air  2%         N/A       67%         3


Dungeon Overview and Level Annotations

Branches:
Dungeon (1/15)

Altars:


Innate Abilities, Weirdness & Mutations

You have very sharp teeth.
Your uncanny sense of smell can sniff out nearby items.
Your experience applies equally to all skills.


Message History

Press: ? - help, Q - select action, (/) - cycle Shift-Dir - straight line, f/p - jackal
Aim: a jackal (heavily wounded, 51% to hit)
You shoot a bolt. The bolt closely misses the jackal.
The jackal bites you but does no damage.
The jackal bites you.
* * * LOW HITPOINT WARNING * * *
The jackal closely misses you. The jackal barely misses you.
Fire: 21 bolts
Press: ? - help, Q - select action, (/) - cycle Shift-Dir - straight line, f/p - jackal
Aim: a jackal (heavily wounded, 51% to hit)
You shoot a bolt. The bolt hits the jackal.
The jackal is severely wounded.
The jackal bites you.
* * * LOW HITPOINT WARNING * * *
The jackal bites you.
* * * LOW HITPOINT WARNING * * *
The jackal bites you.
* * * LOW HITPOINT WARNING * * *
Fire: 20 bolts
Press: ? - help, Q - select action, (/) - cycle Shift-Dir - straight line, f/p - jackal
Aim: a jackal (severely wounded, 51% to hit)
You shoot a bolt. The bolt closely misses the jackal.
The jackal barely misses you. x4
Unknown command.
Fire: 19 bolts
Press: ? - help, Q - select action, (/) - cycle Shift-Dir - straight line, f/p - jackal
Aim: a jackal (heavily wounded, 51% to hit)
You shoot a bolt. The bolt hits the jackal.
The jackal is severely wounded.
The jackal bites you but does no damage.
The jackal barely misses you.
The jackal bites you but does no damage.
The jackal misses you.
Fire: 18 bolts
Press: ? - help, Q - select action, (/) - cycle Shift-Dir - straight line, f/p - jackal
Aim: a jackal (severely wounded, 51% to hit)
You shoot a bolt. The bolt hits the jackal!
You kill the jackal!
The jackal bites you.
You die...

∆ ## .# .## ..# ##.##
#. ##)..## #. #@(..(#
#. ##h..## #.##
####.b...## #...
####.#.......#
#..####.#.............
#..##.................
#..†..#.#.............
###.#######.#.......#.#
#...# ####.....####


You could see a jackal and a bat.

Vanquished Creatures
  A ball python (D:1)
  A bat (D:1)
  2 endoplasms (D:1)
  A goblin (D:1)
  2 jackals (D:1)
  A quokka (D:1)
  2 kobolds (D:1)
10 creatures vanquished.

Notes
Turn   | Place    | Note
-------+----------+-------------------------------------------
     0 | D:1      | tilp the Gnoll Wanderer began the quest for the Orb.
     0 | D:1      | tilp set off with the following items: a +0 hand crossbow,
                  | 30 bolts, a wand of polymorph (5), a +0 leather armour; and
                  | the following spell memorised: Slow; and the following
                  | spells available to memorise: Inner Flame, Leda's
                  | Liquefaction
     0 | D:1      | Reached XP level 1. HP: 13/13 MP: 4/4
   201 | D:1      | Reached XP level 2. HP: 19/19 MP: 5/5
   238 | D:1      | Slain by a jackal

Illustrated notes

Levels and vault maps discovered:
D:1:      dpeg_arrival_round_c, layout_loops_ring, minmay_hedge_maze,
          nicolae_figureground_sparkle

Action                   || total
-------------------------++-------
Melee: Dagger            ||    17
       Bite              ||     2
 Fire: Hand crossbow     ||    16
Armor: Leather armour    ||    23
Dodge: Dodged            ||    40
